 Dungeon Crawl Stone Soup version 0.31.0-11-ge490571c62 (webtiles) character file.

Game seed: 11291546992228379889

1716 RancidPinata the Covert (level 9, -3/61 HPs)
             Began as an Octopode Delver on Feb 3, 2024.
             Slain by a tengu conjurer (7 damage)
             ... summoned by an orange crystal statue
             ... in a Gauntlet.
             The game lasted 00:24:03 (3915 turns).

RancidPinata the Covert (Octopode Delver)           Turns: 3915, Time: 00:24:04

Health: -3/61      AC:  1    Str: 13    XL:     9   Next: 4%
Magic:  0/9        EV: 16    Int: 12    God:
Gold:   197        SH:  0    Dex: 16    Spells: 8/8 levels left

rFire   . . .        i - +2 rapier (venom)
rCold   . . .        (no shield)
rNeg    . . .        (helmet restricted)
rPois   .            (no amulet)
rElec   .            (no ring)
rCorr   .            (no ring)
SInv    .            (no ring)
Will    .....        (no ring)
Stlth   ++++++       (no ring)
HPRegen 0.30/turn    (no ring)
MPRegen 0.11/turn    (no ring)
                     (no ring)

%: no teleportation
@: no status effects
A: almost no armour, amphibious, 8 rings, camouflage 1, gelatinous body 1,
(nimble swimmer 1), tentacles
a: no special abilities


You were in a Gauntlet.
You visited 2 branches of the dungeon, and saw 10 of its levels.
You also visited: Sewer and Gauntlet.

You collected 197 gold pieces.

Inventory:

Hand Weapons
 i - a +2 rapier of venom (weapon)
Missiles
 c - 6 poisoned darts (quivered)
 k - 19 stones
Armour
 d - the +0 hat "Mytaliok" {Int+4 Stlth-}
   (You found it in a Gauntlet)

   Int+4:     It affects your intelligence (+4).
   Stlth-:    It makes you less stealthy.
 r - an orb of guile
Wands
 f - a wand of digging (3)
 o - a wand of roots (7)
Scrolls
 a - 4 scrolls of teleportation
 b - a scroll of fog
 g - a scroll of summoning {unknown}
 m - 3 scrolls of identify
 p - a scroll of poison {unknown}
 q - a scroll of revelation
 s - a scroll of amnesia {unknown}
 u - a scroll of vulnerability
Potions
 e - 2 potions of haste
 j - a potion of attraction {unknown}
 l - a potion of heal wounds {unknown}
 n - 3 potions of magic
 t - a potion of curing {unknown}


   Skills:
 + Level 5.3 Fighting
 + Level 4.8 Short Blades
 * Level 6.8 Dodging
 * Level 11.4 Stealth


You had 8 spell levels left.
You didn't know any spells.
Your spell library was empty.

Dungeon Overview and Level Annotations

Branches:
Dungeon (13/15)            Temple (1/1) D:6           Sewer (visited)
Gauntlet (1/1)
   Lair: D:8-11         Orc: D:9-12      Vaults: D:13-14

Altars:
Cheibriados
Hepliaklqana
Makhleb
Okawaru
Qazlal
Sif Muna
Uskayaw
Yredelemnul
Zin
The Shining One

Annotations:
Gauntlet 11 transporters, 21 runed translucent doors, exclusions: ice statue and orange crystal statue


Innate Abilities, Weirdness & Mutations

You cannot wear most types of armour.
You are amphibious.
You can wear up to eight rings at the same time.
Your skin changes colour to match your surroundings (Stealth+).
Your rubbery body absorbs attacks. (AC +1, EV +1)
((You are camouflaged when in or above water. (Stealth+)))
You have tentacles for arms and can constrict up to eight enemies at once.


Message History

The tengu conjurer hits you!
The tengu conjurer completely misses you.
The tengu conjurer claws you.
A battlesphere comes into view.
The killer bee buzzes angrily.
You hit the tengu conjurer.
The tengu conjurer is severely wounded.
You constrict the tengu conjurer, but do no damage.
The tengu conjurer hits you!
* * * LOW HITPOINT WARNING * * *
The tengu conjurer barely misses you. The tengu conjurer claws you.
* * * LOW HITPOINT WARNING * * *
The tengu conjurer misses you.
The tengu conjurer pecks you but does no damage.
The tengu conjurer closely misses you.
The killer bee buzzes angrily.
You hit the tengu conjurer.
The tengu conjurer looks as sick as possible!
You squeeze the tengu conjurer.
You kill the tengu conjurer!
The tengu conjurer's corpse dissolves into shadows!
The tengu conjurer hits you!
* * * LOW HITPOINT WARNING * * *
The tengu conjurer pecks you but does no damage.
The tengu conjurer claws you.
* * * LOW HITPOINT WARNING * * *
The orange crystal statue glitters.
You hit the tengu conjurer.
The tengu conjurer is poisoned.
Your grab misses the tengu conjurer.
The tengu conjurer is lightly wounded.
The tengu conjurer dissolves into shadows!
The battlesphere dissipates.
The tengu conjurer barely misses you. The tengu conjurer pecks you.
* * * LOW HITPOINT WARNING * * *
The tengu conjurer closely misses you.
You barely miss the tengu conjurer. You grab the tengu conjurer.
Your squeeze misses the tengu conjurer.
The tengu conjurer is lightly wounded.
You constrict the tengu conjurer. The tengu conjurer hits you!
You die...

.#..+..+.QQ#.#..........#8#
.#..+..+..Q#.#..........#####
.###########.#########.....≈###
.#≈§§≈8≈≈≈≈#........©#......#8#
.###########.#############..###
.#......#.?#.#.#^....##..#..#
.#.....#...#.#.#☼^###.##[#..#
.##.y..#..y#.#.#.##.##.#.#..#####
.#.##©#...y#.#.#@#.#.#.#.#..#≈8≈#
©#...###..y#©#.#Q#.#©#.#.#..#...#
##y...#.##.###.#x#.#.#.#.####.8.#
.#...#....##...#Q#.##.##.#©.....#
.#...#.....#...#8##.###^.####.8..
.#..#......#...##G##....^#..#...#
.###########§.§###########..#.8.#
............§≈.............≈#...#
≈...........≈8§............∩#.8..


You could see an orange crystal statue, 2 tengu warriors, a shining eye
(summoned), a tengu conjurer (summoned, very poisoned), a small abomination
(summoned) and 3 killer bees.

Vanquished Creatures
  Jeremiah (D:8)
  A wyvern (D:8)
  Eustachio (D:6)
  A steam dragon (D:8)
  A water moccasin (D:8)
  2 centaurs
  A kobold brigand (D:6)
  2 bullfrogs (D:7)
  4 wights (D:7)
  2 howler monkeys (D:7)
  A bombardier beetle (D:7)
  A sleepcap (D:7)
  3 orc wizards
  A hell rat (Sewer)
  8 river rats
  3 adders (D:6)
  A shadow imp (D:8)
  10 orcs
  A ball python (D:6)
  2 kobolds (D:6)
  5 rats
  A spectral orc (D:8)
53 creatures vanquished.

Notes
Turn   | Place    | Note
-------+----------+-------------------------------------------
     0 | D:5      | RancidPinata the Octopode Delver began the quest for the
                  | Orb.
     0 | D:5      | Reached XP level 1. HP: 16/16 MP: 1/1
    27 | D:6      | Found a staircase to the Ecumenical Temple.
    27 | D:6      | Noticed a lemure
    27 | D:6      | Noticed a lemure
    33 | D:6      | Noticed Eustachio
    34 | D:6      | Noticed a bullfrog
    39 | Temple   | Entered the Ecumenical Temple
    67 | D:6      | Killed Eustachio
    68 | D:6      | Reached skill level 7 in Stealth
    68 | D:6      | Reached XP level 2. HP: 16/21 MP: 2/2
    68 | D:6      | Reached XP level 3. HP: 20/26 MP: 3/3
    68 | D:6      | Reached XP level 4. HP: 24/31 MP: 4/4
    68 | D:6      | Reached XP level 5. HP: 28/36 MP: 5/5
   126 | D:6      | Noticed an ice beast
   160 | D:6      | Noticed a kobold brigand
   176 | D:6      | Killed a kobold brigand
   177 | D:6      | Reached skill level 8 in Stealth
   177 | D:6      | Reached XP level 6. HP: 30/43 MP: 6/6
   253 | D:6      | Found a glowing drain.
   276 | Sewer    | Entered a sewer
   548 | D:7      | Found a basalt altar of Yredelemnul.
   608 | D:7      | Reached XP level 7. HP: 28/48 MP: 7/7
   797 | D:7      | Reached skill level 9 in Stealth
   918 | D:7      | Reached skill level 5 in Dodging
   986 | D:8      | Noticed Jeremiah
  1829 | D:9      | Reached XP level 8. HP: 54/54 MP: 8/8
  1863 | D:8      | Reached skill level 10 in Stealth
  2010 | D:8      | Killed Jeremiah
  2206 | D:8      | Found a burning altar of Makhleb.
  2239 | D:8      | Noticed a wyvern
  2242 | D:8      | Killed a wyvern
  2243 | D:8      | Reached skill level 5 in Fighting
  2265 | D:8      | Reached skill level 11 in Stealth
  2300 | D:8      | Reached XP level 9. HP: 61/61 MP: 9/9
  2382 | D:8      | Found a hazy altar of Hepliaklqana.
  2508 | D:10     | Entered Level 10 of the Dungeon
  2596 | D:13     | Noticed a fire crab
  2757 | D:12     | Found a gate leading to a gauntlet.
  2766 | Gauntlet | Entered a Gauntlet
  2766 | Gauntlet | Found a transporter.
  2766 | Gauntlet | Found a transporter.
  2770 | Gauntlet | Found a transporter.
  2770 | Gauntlet | Found a transporter.
  2771 | Gauntlet | Noticed a torpor snail
  2779 | Gauntlet | Noticed a smoke demon
  2782 | Gauntlet | Found a transporter.
  2782 | Gauntlet | Found a large runed translucent door.
  2783 | Gauntlet | Found a large runed translucent door.
  2784 | Gauntlet | Found a large runed translucent door.
  2784 | Gauntlet | Found a large runed translucent door.
  2784 | Gauntlet | Found a large runed translucent door.
  2785 | Gauntlet | Found a runed translucent door.
  2785 | Gauntlet | Noticed a queen bee
  2800 | Gauntlet | Found a transporter.
  2809 | Gauntlet | Found a transporter.
  2815 | Gauntlet | Noticed an orange crystal statue
  2816 | Gauntlet | Found a transporter.
  2817 | Gauntlet | Found a transporter.
  2819 | Gauntlet | Noticed a great orb of eyes
  2823 | Gauntlet | Found a transporter.
  2827 | Gauntlet | Noticed a cyan ugly thing
  2827 | Gauntlet | Noticed a red ugly thing
  2842 | Gauntlet | Found a transporter.
  2969 | Gauntlet | Found a transporter.
  2979 | Gauntlet | Noticed a rime drake
  2985 | Gauntlet | Noticed an ice statue
  2987 | Gauntlet | Found a transporter.
  3104 | Gauntlet | Found a transporter.
  3106 | Gauntlet | Found a large runed translucent door.
  3107 | Gauntlet | Found a large runed translucent door.
  3108 | Gauntlet | Found a runed translucent door.
  3108 | Gauntlet | Found a large runed translucent door.
  3109 | Gauntlet | Found a large runed translucent door.
  3110 | Gauntlet | Found a large runed translucent door.
  3115 | Gauntlet | Found a large runed translucent door.
  3115 | Gauntlet | Found a large runed translucent door.
  3116 | Gauntlet | Found a large runed translucent door.
  3116 | Gauntlet | Found a large runed translucent door.
  3116 | Gauntlet | Found a large runed translucent door.
  3116 | Gauntlet | Found a large runed translucent door.
  3120 | Gauntlet | Found a runed translucent gate.
  3120 | Gauntlet | Found a runed translucent gate.
  3120 | Gauntlet | Found a runed translucent gate.
  3121 | Gauntlet | Noticed a tengu conjurer
  3121 | Gauntlet | Noticed a tengu warrior
  3122 | Gauntlet | Found a transporter.
  3127 | Gauntlet | Noticed a tengu conjurer
  3135 | Gauntlet | Found a transporter.
  3645 | Gauntlet | Identified the +2 helmet of Knowledge {rC+}
  3869 | Gauntlet | Identified the +0 hat "Mytaliok" {Int+4 Stlth-}
  3906 | Gauntlet | Noticed a tengu warrior
  3906 | Gauntlet | Noticed a tengu conjurer
  3908 | Gauntlet | Noticed a tengu conjurer
  3908 | Gauntlet | Noticed a tengu conjurer
  3914 | Gauntlet | Noticed a shining eye
  3915 | Gauntlet | Slain by a tengu conjurer

Illustrated notes

Levels and vault maps discovered:
D:5:      layout_layer_cave, nzn_wu_jian_council_hall
D:6:      layout_loops_ring, grunt_temple_overflow_octagram,
          minmay_temple_entry_waves, portal_sewer_entry_b, uniq_eustachio,
          uniq_pikel
D:7:      layout_cave_pools, mainiacjoe_overflow_tiny_flanked,
          kennysheep_generic_room_14
D:8:      layout_basic, nicolae_hepliaklqana_monster_ancestors,
          makhleb_grotto_becter, uniq_jeremiah
D:9:      layout_cave_pools, serial_shops, nicolae_lakefront_shop, uniq_maurice
D:10:     layout_stronghold, mainiacjoe_overflow_brackets,
          mainiacjoe_overflow_surrounded_room
D:11:     layout_grid_maze, dpeg_oklobed_lair, minmay_orc_entry_guard_dogs,
          serial_shops, nicolae_square_shop, shop, shop, uniq_snorg
D:12:     layout_small_grid, gauntlet_entry_generic
D:13:     layout_basic, uniq_lodul
Temple:   nicolae_temple_ecumenical_triangle
Gauntlet: gammafunk_gauntlet_branching [gammafunk_gauntlet_arena_arrow_garden,
          gammafunk_gauntlet_arena_split_diamond,
          minmay_gauntlet_arena_make_your_own_arena, nicolae_gauntlet_swirl,
          gammafunk_gauntlet_arena_mazey, gammafunk_gauntlet_arena_grid,
          gammafunk_gauntlet_arena_spirals, gammafunk_gauntlet_arena_open,
          gauntlet_exit_watery]

Skill      XL: |  1  2  3  4  5  6  7  8 |
---------------+-------------------------+-----
Dodging        | 3 4 5 6 |  6.8
Stealth        | 7 8 9 11 | 11.4
Short Blades   | 3 4 |  4.8
Fighting       | 4 5 |  5.3

Action                     |  1- 3 |  4- 6 |  7- 9 || total
---------------------------+-------+-------+-------++-------
  Melee: Short sword       |     7 |       |       ||     7
         Tentacles         |     2 |    14 |    16 ||    32
         Constrict         |     1 |    11 |    14 ||    26
         Rapier            |       |    53 |    70 ||   123
         Punch             |       |     2 |     2 ||     4
    Use: Scroll            |       |     1 |     7 ||     8
         Potion            |       |       |     2 ||     2
   Stab: Sleeping          |     1 |     6 |    16 ||    23
 Armour: Skin              |     1 |    13 |    41 ||    55
  Dodge: Dodged            |     5 |    28 |    58 ||    91
